 Dungeon Crawl Stone Soup version 0.27-a0-1140-g099f9bb0e8 (webtiles) character file.

Game seed: 1782030390583070095

3780 polve the Agent of Entropy (level 9, 0/74 HPs)
             Began as a Demonspawn Abyssal Knight on May 8, 2021.
             Was a Priest of Lugonu.
             Killed from afar by an electric eel (6 damage)
             ... with a bolt of electricity
             ... on level 8 of the Dungeon.
             The game lasted 00:08:12 (11568 turns).

polve the Agent of Entropy (DsAK)                  Turns: 11568, Time: 00:08:13

Health: 0/74       AC: 11    Str: 15    XL:     9   Next: 95%
Magic:  0/16       EV: 10    Int: 15    God:    Lugonu [***...]
Gold:   486        SH:  0    Dex: 12    Spells: 8/8 levels left

rFire    + . .     SeeInvis .   t - +2 short sword (venom)
rCold    . . .     Faith    .   (no shield)
rNeg     . . .     Spirit   +   l - +1 scale mail {rF+}
rPois    .         Reflect  .   c - +0 helmet
rElec    .         Harm     .   (no cloak)
rCorr    .         Rampage  .   (no gloves)
Will     .....                  (no boots)
Stlth    ..........             d - amulet of guardian spirit
HPRegen  0.22/turn              n - +4 ring of slaying
MPRegen  0.30/turn              (no ring)

@: no status effects
A: claws 1, slimy green scales 1, magic regeneration
a: Renounce Religion, Depart the Abyss, Bend Space, Banish


You were on level 8 of the Dungeon.
You worshipped Lugonu.
Lugonu was most pleased with you.
You visited 1 branch of the dungeon, and saw 8 of its levels.
You visited the Abyss 1 time.

You collected 486 gold pieces.

Inventory:

Hand Weapons
 t - a +2 short sword of venom (weapon)
Armour
 c - a +0 helmet (worn)
 l - a +1 scale mail of fire resistance (worn)
 u - a +0 pair of gloves
 A - a +1 pair of gloves of stealth
Jewellery
 d - an amulet of guardian spirit (around neck)
 n - a +4 ring of slaying (left claw)
 B - a ring of protection from cold
Wands
 p - a wand of flame (7)
Scrolls
 b - a scroll of silence {unknown}
 g - 5 scrolls of identify {unknown}
 h - 2 scrolls of noise {unknown}
 i - a scroll of enchant weapon {unknown}
 j - a scroll of summoning {unknown}
 k - 4 scrolls of teleportation {unknown}
 q - a scroll of fog {unknown}
 s - a scroll of brand weapon {unknown}
 v - a scroll of blinking {unknown}
 y - 3 scrolls of immolation {unknown}
Potions
 a - a potion of haste {unknown}
 e - 4 potions of brilliance
 f - 3 potions of lignification
 m - a potion of degeneration {unknown}
 r - a potion of flight {unknown}
 w - a potion of resistance {unknown}
 x - a potion of curing
 z - 2 potions of berserk rage {unknown}
 C - a potion of invisibility


   Skills:
 - Level 8.0 Fighting
 - Level 4.0 Short Blades
 - Level 4.0 Armour
 - Level 4.0 Dodging
 + Level 6.0 Unarmed Combat
 - Level 10.0 Invocations


You had 8 spell levels left.
You didn't know any spells.
Your spell library contained the following spells:

 Spells                   Type           Power      Damage    Failure   Level
 Animate Skeleton         Necr           0%         N/A       69%         1
 Foxfire                  Conj/Fire      0%         2x1d4     69%         1
 Pain                     Necr           0%         1d4       69%         1
 Sandblast                Erth           0%         2d4       69%         1
 Passwall                 Tmut/Erth      0%         N/A       83%         2
 Conjure Flame            Conj/Fire      0%         6-21      96%         3
 Inner Flame              Hex/Fire       0%         N/A       96%         3
 Stone Arrow              Conj/Erth      0%         3d7       96%         3
 Vampiric Draining        Necr           0%         2d6       96%         3
 Animate Dead             Necr           0%         N/A       100%        4
 Petrify                  Tmut/Erth      0%         N/A       100%        4
 Sticky Flame             Conj/Fire      0%         2d3       100%        4
 Agony                    Necr           0%         N/A       100%        5
 Fireball                 Conj/Fire      0%         3d3       100%        5
 Lee's Rapid Deconstruct  Erth           0%         3d5*      100%        5


Dungeon Overview and Level Annotations

Branches:
Dungeon (8/15)             Temple (0/1) D:4            Lair (0/6) D:8

Altars:
Dithmenos
Fedhas
Yredelemnul

Shops:
D:5 :   D:7 *


Innate Abilities, Weirdness & Mutations

You have sharp fingernails.
You are partially covered in slimy green scales. (AC +2)
You regenerate magic rapidly.


Message History

The centaur zombie kicks you but does no damage.
You puncture the centaur zombie!
You destroy the centaur zombie!
Lugonu accepts your kill.
Your Unarmed Combat skill increases to level 6!
Magic restored.
An electric eel comes into view.
The electric eel shoots out a bolt of lightning at you!
The bolt of electricity misses you.
The electric eel shoots out a bolt of lightning at you!
The bolt of electricity misses you.
The electric eel shoots out a bolt of lightning at you!
The bolt of electricity hits you.
The electric eel shoots out a bolt of lightning at you!
The bolt of electricity hits the electric eel.
The electric eel completely resists.
The bolt of electricity hits you!
The electric eel shoots out a bolt of lightning at you!
The bolt of electricity hits you.
The electric eel shoots out a bolt of lightning at you!
The bolt of electricity hits you!
The electric eel shoots out a bolt of lightning at you!
The bolt of electricity hits you!
The electric eel shoots out a bolt of lightning at you!
The bolt of electricity hits the electric eel.
The electric eel completely resists.
The bolt of electricity hits you!
The electric eel shoots out a bolt of lightning at you!
The bolt of electricity hits you.
The electric eel shoots out a bolt of lightning at you!
The bolt of electricity hits you.
* * * LOW HITPOINT WARNING * * *
The electric eel shoots out a bolt of lightning at you!
The bolt of electricity hits you!
* * * LOW HITPOINT WARNING * * *
The electric eel shoots out a bolt of lightning at you!
The bolt of electricity hits the electric eel.
The electric eel completely resists.
The bolt of electricity hits you!
* * * LOW HITPOINT WARNING * * *
The electric eel shoots out a bolt of lightning at you!
The bolt of electricity hits you!
You die...

..........................#
......!.≈........)........#
..≈.h...≈..?.≈............#
...≈≈≈.≈≈.................#
...≈≈≈≈≈.≈.≈≈≈....(.......#
≈..≈≈≈≈≈≈≈≈≈..............#######
≈≈≈≈≈≈≈≈≈≈≈;.............÷.....<)
≈≈≈≈≈.≈.≈.;≈≈;..................)
≈≈≈≈≈h....≈≈≈...@$........(......
>.≈.≈≈;........)..........
....≈.≈...................
...≈≈≈..##########........
.≈.≈≈≈..# #........ ..≈;≈...#
######... .≈≈≈≈...# #...
.≈≈≈≈≈..# #... #...


You could see 5 electric eels.

Vanquished Creatures
  Joseph (D:7)
  Sigmund (D:5)
  2 wyverns
  An acid dragon (D:8)
  Duvessa (D:5)
  A water moccasin (D:6)
  An orc warrior (D:7)
  An ice beast (D:8)
  A sky beast (D:8)
  4 ogres
  3 centaurs
  3 wolves
  2 kobold brigands
  2 scorpions
  4 bullfrogs
  A wyvern zombie (D:6)
  Dowan (D:5)
  A water moccasin skeleton (D:6)
  4 killer bees
  5 wights
  A centaur zombie (D:8)
  2 hounds (D:7)
  6 orc priests
  2 orc wizards (D:7)
  2 iguanas
  2 hound skeletons (D:4)
  2 howler monkey skeletons
  6 adders
  3 gnolls (D:4)
  A white imp (D:7)
  An ufetubus (D:7)
  15 orcs
  4 endoplasms
  10 giant cockroaches
  5 goblins
  5 hobgoblins
  6 jackals
  3 quokkas (D:1)
  6 ball pythons
  4 bats
  7 frilled lizards
  9 kobolds
  3 rats
  A butterfly (D:4)
146 creatures vanquished.

Vanquished Creatures (others)
  A plant (D:7)
1 creature vanquished.

Grand Total: 147 creatures vanquished

Notes
Turn   | Place    | Note
-------+----------+-------------------------------------------
     0 | Abyss:1  | polve the Demonspawn Abyssal Knight began the quest for the
                  | Orb.
     0 | Abyss:1  | Reached XP level 1. HP: 18/18 MP: 2/2
    62 | Abyss:1  | Noticed a raiju
    63 | D:1      | Escaped the Abyss
   498 | D:1      | Gained mutation: You are partially covered in slimy green
                  | scales. (AC +2) [demonic ancestry]
   498 | D:1      | Reached XP level 2. HP: 24/24 MP: 3/3
   708 | D:1      | Reached * piety under Lugonu
  1376 | D:2      | Gained mutation: You regenerate magic rapidly. [demonic
                  | ancestry]
  1376 | D:2      | Reached XP level 3. HP: 26/29 MP: 4/4
  2278 | D:3      | Reached ** piety under Lugonu
  2299 | D:3      | Reached XP level 4. HP: 34/35 MP: 5/5
  2342 | D:3      | Found a faded altar of an unknown god.
  2707 | D:4      | Reached skill level 3 in Invocations
  2929 | D:4      | Reached skill level 4 in Invocations
  2929 | D:4      | Reached XP level 5. HP: 21/41 MP: 3/8
  3220 | D:4      | Reached skill level 5 in Invocations
  3730 | D:4      | Noticed an ogre
  3737 | D:4      | Killed an ogre
  3738 | D:4      | Reached skill level 6 in Invocations
  3738 | D:4      | Reached XP level 6. HP: 4/47 MP: 1/11
  4164 | D:4      | Reached skill level 7 in Invocations
  4461 | D:4      | Found a staircase to the Ecumenical Temple.
  4852 | D:4      | Reached skill level 8 in Invocations
  4852 | D:4      | Reached skill level 1 in Dodging
  4985 | D:5      | Entered Level 5 of the Dungeon
  5036 | D:5      | Found Owompioq's Book Shoppe.
  5094 | D:5      | Reached XP level 7. HP: 49/52 MP: 11/13
  5114 | D:5      | Noticed Duvessa
  5115 | D:5      | Noticed Dowan
  5137 | D:5      | Killed Duvessa
  5144 | D:5      | Killed Dowan
  5432 | D:5      | Noticed Sigmund
  5470 | D:5      | Killed Sigmund
  6448 | D:6      | Gained mutation: You have sharp fingernails. [demonic
                  | ancestry]
  6448 | D:6      | Reached XP level 8. HP: 58/58 MP: 14/14
  6637 | D:6      | Reached skill level 5 in Fighting
  7224 | D:6      | Reached *** piety under Lugonu
  7336 | D:7      | Noticed Joseph
  8025 | D:7      | Found Searghach's Assorted Antiques.
  8263 | D:7      | Killed Joseph
  8414 | D:7      | Reached XP level 9. HP: 49/74 MP: 12/15
  8757 | D:7      | Found a basalt altar of Yredelemnul.
  8759 | D:7      | Found a blossoming altar of Fedhas.
  8812 | D:6      | Reached skill level 1 in Unarmed Combat
  9123 | D:7      | Found a shadowy altar of Dithmenos.
  9498 | D:7      | Reached skill level 9 in Invocations
 10141 | D:8      | Reached skill level 10 in Invocations
 10483 | D:7      | HP: 3/74 [poisoned by a killer bee]
 10485 | D:7      | HP: 1/74 [poisoned by a killer bee]
 10835 | D:8      | Reached skill level 5 in Unarmed Combat
 11233 | D:8      | Found a staircase to the Lair.
 11568 | D:8      | Killed from afar by an electric eel

Illustrated notes

Levels and vault maps discovered:
D:1:      dpeg_arrival_rooms_c, layout_loops_ring
D:2:      kennysheep_six_static_rooms, layout_basic, serial_co_window_serial,
          co_window_corner_a, co_window_paths_a, co_window_paths_a,
          co_window_of_opportunity_a, co_window_of_opportunity_a,
          co_window_cross_4, co_window_broadway_a, co_window_of_opportunity_c,
          glass_columns_c, glass_columns_b, glass_columns_b, glass_columns_b,
          glass_columns_a, minmay_worlds_worst_comb
D:3:      layout_rooms, shapermc_ecumenical_altar_mp_ritualfount
D:4:      layout_layer_cave, minmay_temple_entry_butterflies
D:5:      layout_basic, serial_shops, shop, kennysheep_boxes, uniq_duvessa,
          uniq_sigmund
D:6:      layout_rooms
D:7:      layout_cave_pools, gammafunk_temple_overflow_forgotten, serial_shops,
          nicolae_shop_statue_plus, nrook_uturn, uniq_joseph
D:8:      layout_basic, erik_lair_island, uniq_gastronok

Skill      XL: |  1  2  3  4  5  6  7  8  9 |
---------------+----------------------------+-----
Short Blades   | 2 3 4 |  4.0
Invocations    | 4 6 8 10 | 10.0
Dodging        | 1 4 |  4.0
Armour         | 2 4 |  4.0
Fighting       | 7 8 |  8.0
Unarmed Combat | 6 |  6.0

Action                   |  1- 3 |  4- 6 |  7- 9 || total
-------------------------+-------+-------+-------++-------
Melee: Short sword       |   139 |   122 |   358 ||   619
       Unarmed           |       |       |     6 ||     6
       Punch             |       |       |     3 ||     3
Invok: Depart the Abyss  |     1 |       |       ||     1
  Use: Potion            |       |       |     8 ||     8
Armor: Leather armour    |    37 |       |       ||    37
       Scale mail        |    18 |    51 |   254 ||   323
       Skin              |       |       |    10 ||    10
Dodge: Dodged            |    77 |    66 |   234 ||   377

Table legend: (Time is in decaauts)
 A = Elapsed time spent in this place.
 B = Non-inter-level travel time spent in this place.
 C = Inter-level travel time spent in this place.
 D = Time resting spent in this place.
 E = Time spent auto-exploring this place.
 F = Levels seen in this place.
 G = Mean time per level.
                   A        B        C        D        E       F      G
               +--------+--------+--------+--------+--------+-----+--------+
         Total |  11551 |  11169 |    382 |      8 |   9863 |   9 | 1283.4 |
       Dungeon |  11488 |  11106 |    382 |      8 |   9801 |   8 | 1436.0 |
         Abyss |     63 |     63 |      0 |      0 |     62 |   1 |   63.0 |
               +--------+--------+--------+--------+--------+-----+--------+

Top non-repeatable levels by time:
     D:7: 2653 daAuts
     D:4: 2159 daAuts
     D:6: 1756 daAuts
     D:5: 1399 daAuts
     D:1: 1145 daAuts
     D:2: 996 daAuts
     D:8: 776 daAuts
     D:3: 601 daAuts
 Abyss:1: 63 daAuts
